Description

Maru v Clem IEM Katowice 2021

Replay - Clem v Maru: Game 1 - Oxide LE

Build Order

Get SALT Encoding   

  12  0:00  SCV  
  13  0:12  SCV  
  14  0:17  Supply Depot  
  14  0:24  SCV  
  15  0:39  SCV, Barracks  
  16  0:43  Refinery  
  16  0:51  SCV  
  16  0:54  Refinery  
  17  1:03  SCV  
  18  1:15  SCV  
  19  1:26  Reaper  
  19  1:27  Orbital Command  
  19  1:29  Supply Depot  
  20  1:41  Factory  
  20  1:53  SCV  
  21  1:58  Reaper  
  22  2:05  SCV  
  23  2:17  SCV  
  23  2:19  Command Center  
  24  2:25  Factory Tech Lab  
  25  2:31  Barracks Reactor  
  25  2:34  Supply Depot  
  25  2:43  Cyclone  
  29  2:55  Starport  
  29  3:14  Marine x2  
  29  3:16  Siege Tank  
  35  3:29  Refinery  
  35  3:31  Marine x2  
  38  3:34  Orbital Command  
  38  3:40  Starport Tech Lab  
  39  3:49  Marine x2  
  41  4:00  Raven  
  41  4:02  Supply Depot  
  45  4:07  Marine x2  
  48  4:13  Siege Tank  
  48  4:15  Supply Depot  
  48  4:39  Marine  
  48  4:44  Raven  
  51  4:52  Marine  
  55  5:01  Siege Tank  
  59  5:07  Command Center  
  61  5:19  Refinery  
  65  5:33  Siege Tank  
  69  5:45  Viking x2  
  69  5:48  Stimpack  
  76  5:53  Barracks x2  
  78  6:07  Engineering Bay x2  
  78  6:19  Viking x2  
  83  6:30  Siege Tank  
  89  6:43  Barracks Reactor x2  
  84  7:02  Siege Tank  
  84  7:03  Viking x2  
  84  7:04  Orbital Command  
  100  7:33  Viking  
  109  8:02  Barracks x2, Siege Tank  
  115  8:21  Viking x2  
Spawning Tool Build Advisor. Get it on Overwolf

Go to:

Details

  • Created by: CrackedRiceBowl
  • Published on: Mar 24, 2021
  • Modified on: Mar 24, 2021
  • Patch: 4.11.0
  • Difficulty: Hard
Show
View Real Time Build Order
Export as new Build Order

Comments (0)

There are no comments. Be the first!

Create an account to comment!